 Dungeon Crawl Stone Soup version 0.17-a0-2101-g0c122e7 (webtiles) character file.

357 Geeful the Insei (level 6, 0/43 HPs)
             Began as a Human Wanderer on Oct 18, 2015.
             Killed by divine providence
             ... invoked by an orc priest
              (14 damage)
             ... on level 4 of the Dungeon.
             The game lasted 00:13:34 (4849 turns).

Geeful the Insei (Human Wanderer)                   Turns: 4849, Time: 00:13:35

Health: 0/43       AC:  5    Str: 13    XL:     6   Next: 96%
Magic:  10/10      EV: 10    Int: 12    God:
Gold:   116        SH:  0    Dex: 14    Spells: 0 memorised, 11 levels left

rFire  . . .     SeeInvis .       - Unarmed
rCold  . . .     Clarity  .     g - +0 ring mail
rNeg   + . .     SustAt   .     (no shield)
rPois  .         Gourm    .     (no helmet)
rElec  .         Spirit   .     (no cloak)
rCorr  .         Warding  .     (no gloves)
rMut   .         Stasis   .     (no boots)
MR     +....                    (no amulet)
Stlth  +.........               v - ring of positive energy
                                l - ring of protection from magic

@: lethally poisoned (0 -> -1), somewhat resistant to hostile enchantments, very
unstealthy
A: no striking features
a: no special abilities


You were on level 4 of the Dungeon.
You were not hungry.

You visited 1 branch of the dungeon, and saw 4 of its levels.

You collected 116 gold pieces.

Inventory:

Hand Weapons
 b - a +0 blowgun
Missiles
 c - 9 poisoned needles
Armour
 e - a +0 robe
 g - a +0 ring mail (worn)
Jewellery
 l - a ring of protection from magic (left hand)
 s - an uncursed ring of sustain attributes
 v - a ring of positive energy (right hand)
Scrolls
 j - 2 scrolls of remove curse {unknown}
 k - a scroll of recharging {unknown}
 o - a scroll of amnesia {unknown}
 p - 2 scrolls of random uselessness {unknown}
 r - a scroll of fear {unknown}
 t - a scroll of enchant weapon {unknown}
 w - a scroll of enchant armour {unknown}
 x - a scroll of magic mapping {unknown}
Potions
 d - a potion of curing
 m - a potion of cancellation {unknown}
 n - a potion of brilliance {unknown}
 q - a potion of flight {unknown}
 u - a potion of haste {unknown}
 z - a potion of resistance
Comestibles
 f - 2 bread rations
 h - a fruit
 i - 5 meat rations


   Skills:
 - Level 1.0 Fighting
   Level 2.0 Short Blades
 - Level 1.0 Throwing
 - Level 1.0 Dodging
 - Level 1.0 Stealth
 + Level 6.4 Unarmed Combat
 - Level 3.0 Spellcasting
   Level 1.0 Evocations


You had 11 spell levels left.
You didn't know any spells.

Dungeon Overview and Level Annotations

Branches:
Dungeon (4/15)
 Temple: D:4-7

Altars:
Ashenzari
Trog


Message History

You are too injured to fight recklessly!
You are too injured to fight recklessly!
You are too injured to fight recklessly!
You hit the orc priest.
The orc priest is moderately wounded.
The orc priest closely misses you.
You hit the orc priest.
The orc priest is heavily wounded.
The orc priest hits you with a trident.
You hit the orc priest.
The orc priest is heavily wounded.
You feel sick.
You closely miss the orc priest. You punch the orc priest.
The orc priest is severely wounded.
The orc priest hits you but does no damage.
You barely miss the orc priest.
The orc priest is severely wounded.
The orc priest mumbles some strange prayers to Beogh against you.
Something smites you!
You die...

........# '..... ........+
#..... .<.... ......[.#
..... ...... +#......#
#...###...o.. .#......#
##...#......#
.#......#...#...(#......#
.'......#...#....#..o...#
.#......#...+....#......#
.#......#...#...@#......#
.#......+...#....o......#
.#......#...#....#......#
.#......#...##'###......'.
.'......##'##...........#.
.#......................#
.#......................#
.+..>...................#
.#.(...†...........>....#


You could see an orc priest.

Vanquished Creatures
  A scorpion (D:4)
  A hound (D:4)
  2 orc priests (D:3)
  2 orc wizards (D:4)
  A worker ant (D:4)
  2 adders (D:3)
  3 worms
  4 giant geckos
  17 orcs
  10 bats
  4 giant cockroaches
  8 goblins
  7 hobgoblins
  4 jackals (D:4)
  12 kobolds
  A quokka (D:1)
  2 ball pythons
  3 giant gecko skeletons (D:4)
  8 rats
92 creatures vanquished.

Notes
Turn   | Place    | Note
--------------------------------------------------------------
     0 | D:1      | Geeful the Human Wanderer began the quest for the Orb.
     0 | D:1      | Geeful set off with: a +2 short sword, a potion of curing, 12 poisoned needles, a +0 blowgun, a +0 robe, a bread ration
     0 | D:1      | Reached XP level 1. HP: 15/15 MP: 4/4
   201 | D:1      | Reached skill level 1 in Unarmed Combat
   328 | D:2      | Found a shattered altar of Ashenzari.
   383 | D:2      | Reached XP level 2. HP: 19/21 MP: 6/6
   987 | D:2      | Reached XP level 3. HP: 24/26 MP: 7/7
  1019 | D:3      | Found a bloodstained altar of Trog.
  1632 | D:4      | Reached XP level 4. HP: 20/32 MP: 8/8
  2793 | D:2      | Reached skill level 4 in Unarmed Combat
  3127 | D:2      | Reached XP level 5. HP: 33/37 MP: 9/9
  3699 | D:3      | Reached skill level 5 in Unarmed Combat
  3985 | D:4      | Reached XP level 6. HP: 40/43 MP: 10/10
  4074 | D:4      | Reached skill level 6 in Unarmed Combat
  4849 | D:4      | Killed from afar by an orc priest

Vault maps used:
D:1:      lemuel_arrival_muddy, corexii_leaking_fountain, serial_bayou_pond_e
D:2:      overflow_temple_1_default, kennysheep_generic_room_8
D:3:      bloody_trog
D:4:      nicolae_gozag_zags_fifth_avenue, st_stairs_8

Action                   |  1- 3 |  4- 6 || total
-------------------------+-------+-------++-------
Melee: Unarmed           |   218 |   317 ||   535
 Fire: Blowgun           |    12 |    15 ||    27
  Use: Scroll            |       |     2 ||     2
       Potion            |       |     1 ||     1
  Eat: Chunk             |     3 |     8 ||    11
       Fruit             |       |     2 ||     2
